 Dungeon Crawl Stone Soup version 0.30-a0-879-ga8ba668304 (console) character file.

Game seed: 32929234249865420

1624 Abuh the Cleaver (level 8, -4/96 HPs)
             Began as a Minotaur Fighter on Mar 14, 2023.
             Was an Initiate of Okawaru.
             Slain by a killer bee (5 damage)
             ... on level 6 of the Dungeon.
             The game lasted 00:24:53 (5205 turns).

Abuh the Cleaver (Minotaur Fighter)                 Turns: 5205, Time: 00:24:54

Health: -4/96      AC: 10    Str: 23    XL:     8   Next: 65%
Magic:  7/7        EV:  9    Int:  5    God:    Okawaru [......]
Gold:   273        SH:  4    Dex: 10    Spells: 7/7 levels left

rFire   . . .      SeeInvis .    a - +1 war axe
rCold   . . .      Faith    .    c - +0 buckler
rNeg    . . .      Spirit   .    b - +4 scale mail
rPois   .          Reflect  .    (helmet restricted)
rElec   .          Rampage  .    (no cloak)
rCorr   .                        (no gloves)
Will    .....                    (no boots) Stlth
                                 (no amulet)
HPRegen 0.36/turn                j - ring of flight
MPRegen 0.10/turn                (no ring)

@: berserking, lethally poisoned (-4 -> -10), flying, very quick
A: horns 2, retaliatory headbutt
a: Renounce Religion


You were on level 6 of the Dungeon.
You worshipped Okawaru.
Okawaru was noncommittal.
You visited 2 branches of the dungeon, and saw 7 of its levels.

You collected 273 gold pieces.

Inventory:

Hand Weapons
 a - a +1 war axe (weapon)
 n - a +2 flail of holy wrath
 p - the +5 long sword of Yfithyudgh {freeze, *Slow rCorr Dex+2}
   (You found it on level 3 of the Dungeon)

   Dex:       It affects your dexterity (+2).
   rCorr:     It protects you from acid and corrosion.
   *Slow:     It may slow you when you take damage.
Missiles
 o - 2 throwing nets (quivered)
Armour
 b - a +4 scale mail (worn)
 c - a +0 buckler (worn)
Magical Staves
 y - a staff of fire
 A - a staff of cold
Jewellery
 j - a ring of flight (left hand)
 m - an amulet of guardian spirit
 u - a ring of magical power
Wands
 q - a wand of paralysis (12)
 z - a wand of mindburst (2)
Scrolls
 g - 2 scrolls of fog {unknown}
 l - 3 scrolls of noise
 t - 8 scrolls of identify
 w - 2 scrolls of teleportation {unknown}
 x - 3 scrolls of vulnerability {unknown}
 B - a scroll of fear {unknown}
Potions
 d - 3 potions of might
 e - a potion of berserk rage
 f - a potion of degeneration
 h - a potion of curing
 i - a potion of haste {unknown}
 k - 4 potions of lignification
 r - a potion of resistance
 s - a potion of ambrosia {unknown}
 v - a potion of attraction {unknown}


   Skills:
 - Level 3.6 Fighting
 + Level 13.2 Axes
 - Level 3.6 Armour
 - Level 3.6 Shields


You had 7 spell levels left.
You didn't know any spells.
Your spell library contained the following spells:

 Spells                   Type           Power      Damage    Failure   Level
 Portal Projectile        Hex/Tloc       0%         N/A       99%         3
 Leda's Liquefaction      Hex/Erth       0%         N/A       100%        4
 Call Canine Familiar     Summ           Unusable   N/A       N/A         3

Dungeon Overview and Level Annotations

Branches:
Dungeon (6/15)             Temple (1/1) D:6

Altars:
Dithmenos
Elyvilon
Fedhas
Gozag
Hepliaklqana
Kikubaaqudgha
Makhleb
Nemelex Xobeh
Okawaru
Qazlal
Ru
Sif Muna
Trog
Uskayaw
Vehumet
Xom
Yredelemnul
The Shining One

Shops:
D:1 :

Annotations:
D:4 3 runed translucent doors, vlindergert's ghost, amateur MiBe


Innate Abilities, Weirdness & Mutations

You have a pair of horns on your head.
You reflexively headbutt those who attack you in melee.


Message History

* * * LOW HITPOINT WARNING * * *
You are more poisoned.
The killer bee poisons you!
You slash the killer bee!
You kill the killer bee!
Okawaru accepts your kill.
* * * LOW HITPOINT WARNING * * *
You feel very sick.
You closely miss the killer bee.
* * * LOW HITPOINT WARNING * * *
You feel very sick. The killer bee stings you.
* * * LOW HITPOINT WARNING * * *
The killer bee stings you but does no damage.
You barely miss the killer bee. Your headbutt misses the killer bee.
* * * LOW HITPOINT WARNING * * *
You feel very sick. The killer bee barely misses you. You furiously retaliate!
You headbutt the killer bee.
The killer bee stings you but does no damage.
There are monsters nearby!
* * * LOW HITPOINT WARNING * * *
You feel sick.
The killer bee attacks as you move away!
The killer bee barely misses you.
* * * LOW HITPOINT WARNING * * *
You feel sick. The killer bee stings you.
* * * LOW HITPOINT WARNING * * *
You feel better.
The killer bee stings you but does no damage.
The killer bee stings you.
* * * LOW HITPOINT WARNING * * *
The killer bee completely misses you. The killer bee barely misses you.
You furiously retaliate!
You headbutt the killer bee!
A red film seems to cover your vision as you go berserk!
You feel yourself moving faster!
You feel mighty! The killer bee stings you!
* * * LOW HITPOINT WARNING * * *
You are lethally poisoned!
The killer bee poisons you!
The killer bee stings you but does no damage. x2
The killer bee stings you.
You die...

############ #..........#
###.########.###########################
#.......................#....#...##....######
#................................##....#.....
#............................#...##....#.....
###.)........................#...##....#.....
##)######.................<......#........[.
#.......###.#######.#.########.))#.......#..
#.........#.#....##......###...)............
#................##......#...............#..
#....#...................#.......###.....#..
#....#...........................#..........
######...........................#.#.....#..
#...............................#.#.....# .
########..............###..............#.#.....#
#.....).........................##.#.#...#.....#
##.#####........#####...........##...#####.....#
#.# #.........................#........[..####
#.# #.........#####..................########
#.# #.............###.#..............).......
#.####......................†................##
#....#.............#..........................
####.#.y@..........#....######.#.#...........#
#)#.y.............#.## #...(..........####
#)#.#########.#####.# .#.#.#.#.#.#..#....##
#<#†# #.#####.##....#...................
#.#.....[.. #)##..........#.#.......#.........
#.#...y.... #..)..........#.........).).......
#.#........ #..)..........#.#...>...#.).......
#.#.......# #.#)..........#...................
#.#.....................###.#.......#.##.#....
#.#####...####....########.............#.#....
#.# ##.. ....... ....#.#.#.#.#..#.# ...
......... ..................# ...
....................######....# .. .............
....... ##.... .. #............. ...... ##


You could see 2 killer bees.

Vanquished Creatures
  Sigmund (D:3)
  A water moccasin (D:5)
  A phantom (D:6)
  4 scorpions
  2 killer bees (D:6)
  3 jellies
  3 quasits (D:4)
  A gnoll bouda (D:6)
  A hound (D:5)
  Natasha (twice) (D:2)
  A sleepcap (D:5)
  4 iguanas
  7 orc wizards
  7 adders
  6 gnolls (D:6)
  4 shadow imps
  8 white imps
  7 ufetubi (D:4)
  3 worms
  A dart slug (D:3)
  34 orcs
  4 ball pythons
  5 bats
  6 endoplasms
  A giant cockroach (D:3)
  4 goblins
  4 hobgoblins
  4 quokkas
  A frilled lizard (D:1)
  9 kobolds
  3 rats
142 creatures vanquished.

Vanquished Creatures (others)
  An orc wizard (D:5)
  5 demonic plants (D:4)
6 creatures vanquished.

Grand Total: 148 creatures vanquished

Notes
Turn   | Place    | Note
-------+----------+-------------------------------------------
     0 | D:1      | Abuh the Minotaur Fighter began the quest for the Orb.
     0 | D:1      | Reached XP level 1. HP: 19/19 MP: 0/0
    86 | D:1      | Found a faded altar of an unknown god.
   213 | D:1      | Found Ruicrul's Book Emporium.
   220 | D:1      | Reached skill level 3 in Axes
   386 | D:1      | Reached XP level 2. HP: 26/26 MP: 1/1
  1061 | D:2      | Found a hide-covered altar of Uskayaw.
  1204 | D:2      | Noticed Natasha
  1207 | D:2      | Noticed a crimson imp
  1218 | D:2      | Reached skill level 4 in Axes
  1219 | D:2      | Killed Natasha
  1220 | D:2      | Reached XP level 3. HP: 17/31 MP: 2/2
  1458 | D:2      | Noticed Natasha
  1467 | D:2      | Killed Natasha
  1468 | D:2      | Reached skill level 5 in Axes
  1468 | D:2      | Reached XP level 4. HP: 37/39 MP: 3/3
  1804 | D:3      | Found a blossoming altar of Fedhas.
  1822 | D:3      | Reached skill level 6 in Axes
  1865 | D:3      | Found a bloodstained altar of Trog.
  1874 | D:3      | Reached XP level 5. HP: 39/45 MP: 4/4
  1904 | D:3      | Found a hide-covered altar of Uskayaw.
  1975 | D:3      | Identified the +5 long sword of Yfithyudgh {freeze, *Slow
                  | rCorr Dex+2}
  2070 | D:3      | Found a glowing golden altar of the Shining One.
  2149 | D:3      | Noticed Sigmund
  2163 | D:3      | Killed Sigmund
  2164 | D:3      | Reached skill level 8 in Axes
  2164 | D:3      | Reached XP level 6. HP: 42/51 MP: 5/5
  2716 | D:4      | Reached skill level 9 in Axes
  2814 | D:4      | Reached XP level 7. HP: 54/57 MP: 6/6
  3059 | D:4      | Noticed vlindergert's ghost (amateur MiBe)
  3067 | D:4      | Found a runed translucent gate.
  3068 | D:4      | Found a runed translucent gate.
  3068 | D:4      | Found a runed translucent gate.
  3133 | D:4      | Reached skill level 10 in Axes
  3159 | D:4      | Found a stormy altar of Qazlal.
  3354 | D:5      | Entered Level 5 of the Dungeon
  3586 | D:5      | Reached skill level 11 in Axes
  3971 | D:5      | Reached XP level 8. HP: 51/64 MP: 7/7
  4404 | D:6      | Reached skill level 12 in Axes
  4746 | D:6      | Found a staircase to the Ecumenical Temple.
  4761 | Temple   | Entered the Ecumenical Temple
  4873 | Temple   | Became a worshipper of Warmaster Okawaru
  5190 | D:6      | Reached skill level 13 in Axes
  5205 | D:6      | HP: 1/96 [killer bee (8)]
  5205 | D:6      | Slain by a killer bee

Illustrated notes

Levels and vault maps discovered:
D:1:      ebering_trefoil_twist, layout_basic, serial_shops,
          nicolae_shop_statue_plus, hellmonk_ecumenical_altar_blasted
D:2:      layout_basic, basic_altar, uniq_natasha
D:3:      layout_loops_ring, mainiacjoe_overflow_large_starburst,
          nicolae_tso_carved_into_rock, old_standard_altar,
          nicolae_underground_beach, uniq_sigmund
D:4:      layout_rooms, kennysheep_mini_moat, serial_demonic, serial_demonic_b,
          serial_demonic_d, serial_demonic_c, serial_demonic_a,
          serial_demonic_g, serial_demonic_a, serial_demonic_a,
          serial_demonic_e, gammafunk_ghost_split, minmay_misc_feat_room,
          st_stairs_1
D:5:      layout_basic
D:6:      layout_basic, slow_altar_1, minmay_temple_entry_glass,
          dilly_guarded_unrand_throatcut
Temple:   nicolae_temple_ecumenical_triangle

Skill      XL: |  1  2  3  4  5  6  7  8 |
---------------+-------------------------+-----
Axes           | 3 4 5 6 8 9 11 13 | 13.2
Fighting       | |  3.6
Armour         | |  3.6
Shields        | |  3.6

Action                     |  1- 3 |  4- 6 |  7- 9 || total
---------------------------+-------+-------+-------++-------
  Melee: War axe           |    48 |   125 |   227 ||   400
         Headbutt          |    10 |    20 |    28 ||    58
    Use: Scroll            |       |    12 |     1 ||    13
         Potion            |       |       |     2 ||     2
 Armour: Scale mail        |    11 |    71 |    94 ||   176
  Dodge: Dodged            |    22 |    61 |    71 ||   154
  Block: Buckler           |     9 |    31 |    38 ||    78

Table legend: (Time is in decaauts)
 A = Elapsed time spent in this place.
 B = Non-inter-level travel time spent in this place.
 C = Inter-level travel time spent in this place.
 D = Time resting spent in this place.
 E = Time spent auto-exploring this place.
 F = Levels seen in this place.
 G = Mean time per level.
                   A        B        C        D        E       F      G
               +--------+--------+--------+--------+--------+-----+--------+
         Total |   5248 |   5112 |    136 |   1069 |   2665 |   7 |  749.7 |
       Dungeon |   5119 |   4999 |    120 |   1069 |   2647 |   6 |  853.2 |
        Temple |    129 |    113 |     16 |      0 |     18 |   1 |  129.0 |
               +--------+--------+--------+--------+--------+-----+--------+

Top non-repeatable levels by time:
     D:5: 1030 daAuts
     D:3: 866 daAuts
     D:4: 851 daAuts
     D:1: 845 daAuts
     D:2: 841 daAuts
     D:6: 683 daAuts
  Temple: 129 daAuts
